 Dungeon Crawl Stone Soup version 0.22.0-38-g04b72b8 (webtiles) character file.

3479 Tarasboulda the Spear-Bearer (level 10, 0/77 HPs)
             Began as a Merfolk Gladiator on Aug 31, 2018.
             Was a Believer of Qazlal.
             Slain by an unseen horror (7 damage)
             ... on level 8 of the Dungeon.
             The game lasted 00:34:52 (10242 turns).

Tarasboulda the Spear-Bearer (Merfolk Gladiator)   Turns: 10242, Time: 00:34:53

Health: 0/77       AC:  4    Str: 15    XL:     10   Next: 7%
Magic:  14/14      EV: 18    Int: 10    God:    Qazlal [**....]
Gold:   467        SH:  3    Dex: 18    Spells: 9/9 levels left

rFire    . . .     SeeInvis .   j - +0 halberd
rCold    . . .     Gourm    .   (shield currently unavailable)
rNeg     . . .     Faith    .   b - +0 leather armour
rPois    .         Spirit   .   c - +0 helmet
rElec    .         Reflect  .   O - +0 cloak
rCorr    .         Harm     .   (no gloves)
MR       .....                  (no boots)
Stlth    +.........             (no amulet)
HPRegen  0.22/turn              (no ring)
MPRegen  0.14/turn              (no ring)

@: hasted, very quick
A: change form in water, swift swim, stealthy swim, clever 1, deformed body,
shaggy fur 1
a: Upheaval, Renounce Religion


You were on level 8 of the Dungeon.
You worshipped Qazlal.
Qazlal was pleased with you.
You were not hungry.

You visited 1 branch of the dungeon, and saw 8 of its levels.
You also visited: Sewer.

You collected 467 gold pieces.

Inventory:

Hand Weapons
 a - a +0 trident
 j - a +0 halberd (weapon)
 u - a +0 blowgun
Missiles
 r - 7 javelins (quivered)
 s - 37 poisoned needles
 v - 145 arrows
 G - 6 needles of frenzy
Armour
 b - a +0 leather armour (worn)
 c - a +0 helmet (worn)
 q - a +0 shield
 O - a +0 cloak (worn)
Jewellery
 D - an uncursed ring of wizardry {unknown}
 I - an uncursed ring of flight {unknown}
 K - an uncursed ring of fire {unknown}
Wands
 d - a wand of disintegration (8)
 y - a wand of flame (51)
 E - a wand of iceblast (14)
 H - a wand of digging (30)
Scrolls
 k - 2 scrolls of fear
 m - 3 scrolls of blinking
 n - 5 scrolls of teleportation
 o - 3 scrolls of remove curse
 p - 4 scrolls of enchant weapon
 A - a scroll of vulnerability {unknown}
 B - 2 scrolls of amnesia
 C - a scroll of magic mapping
 L - 2 scrolls of enchant armour {unknown}
 M - a scroll of random uselessness {unknown}
Potions
 e - 2 potions of brilliance
 g - a potion of haste
 h - 2 potions of mutation
 i - a potion of invisibility {unknown}
 l - 2 potions of curing
 t - 2 potions of heal wounds {unknown}
 w - a potion of cancellation {unknown}
 x - 3 potions of magic
 z - 2 potions of might
 F - 2 potions of lignification {unknown}
 J - a potion of agility {unknown}
 N - a potion of ambrosia {unknown}
 P - 2 potions of resistance
Comestibles
 f - 18 rations


   Skills:
 + Level 6.6 Fighting
 * Level 12.2 Polearms
 + Level 6.0 Throwing
 + Level 8.5 Dodging
 + Level 5.6 Invocations


You had 9 spell levels left.
You didn't know any spells.
Your spell library was empty.

Dungeon Overview and Level Annotations

Branches:
Dungeon (8/15)             Temple (0/1) D:5
   Lair: D:8-11

Altars:
Dithmenos
Fedhas
Hepliaklqana
Kikubaaqudgha
Okawaru
Qazlal
Trog
Yredelemnul

Shops:
D:7 *[

Annotations:
D:3 2 transporters, Inarius's ghost, amateur DsGl


Innate Abilities, Weirdness & Mutations

You revert to your normal form in water.
You are very nimble and swift while swimming.
You are very stealthy in the water. (Stealth+)
Your mind is acute. (Int +2)
Armour fits poorly on your strangely shaped body.
You are covered in fur. (AC +1)


Message History

You start resting.
Something hits you. x2
* * * LOW HITPOINT WARNING * * *
Something hits you but does no damage. Something hits you.
* * * LOW HITPOINT WARNING * * *
Something closely misses you. Something hits you.
* * * LOW HITPOINT WARNING * * *
You feel yourself speed up. Something barely misses you. Something hits you.
* * * LOW HITPOINT WARNING * * *
Something barely misses you. Something hits you!
* * * LOW HITPOINT WARNING * * *
Something hits you but does no damage. Something hits you!
* * * LOW HITPOINT WARNING * * *
You feel better. Something hits you!
You die...

## .. #)(....# ### #.#.# ... #.#
###......### ..# #.#.# ...###.#
#......##..# #.# #.#.#
.......####......##..####.# #.#.#
.......##..####..##....##.# #.#.#
.......##..####..##....##.# #.#.#
...............##.).......###.#.#
...............##.(......).......
.......##....##.@####..##.#####.#
.......##....##..####..##.# #.#
##.>...####..##......####.# #.#
#.....# #..##......# #.# #.#
#....... ###....[.### ..# #.#
#.....#'## #......# #######..
#......... ######## .. ........#
#.........##########.# ........#
######...............# ........#


There were no monsters in sight!

Vanquished Creatures
  A centaur zombie (D:8)
  A hippogriff (D:7)
  4 hogs (D:7)
  A human (D:7)
  A hungry ghost (D:8)
  3 ice beasts
  A sky beast (D:4)
  4 ogres
  3 centaurs
  4 bullfrogs
  A wyvern zombie (D:8)
  A scorpion (D:7)
  3 crimson imps
  A howler monkey (D:7)
  2 jellies
  4 hounds
  An orc wizard (D:7)
  2 iguanas (D:7)
  5 worker ants
  A killer bee zombie (D:8)
  A hound skeleton (D:4)
  10 adders
  6 gnolls
  An adder skeleton (D:4)
  2 worms
  3 dart slugs
  4 leopard geckos
  11 orcs
  7 ball pythons
  9 giant cockroaches
  10 goblins
  10 hobgoblins
  17 jackals
  14 kobolds
  7 quokkas
  6 bats
  6 frilled lizards
  A jackal zombie (D:6)
  A leopard gecko skeleton (D:4)
  9 rats
  A plant (Sewer)
180 creatures vanquished.

Notes
Turn   | Place    | Note
-------+----------+-------------------------------------------
     0 | D:1      | Tarasboulda the Merfolk Gladiator began the quest for the Orb.
     0 | D:1      | Reached XP level 1. HP: 16/16 MP: 1/1
   367 | D:1      | Reached XP level 2. HP: 13/23 MP: 2/2
  1043 | D:2      | Reached skill level 5 in Polearms
  1073 | D:2      | Reached XP level 3. HP: 22/28 MP: 3/3
  1153 | D:2      | Found an ancient bone altar of Kikubaaqudgha.
  1160 | D:2      | Found a stormy altar of Qazlal.
  1160 | D:2      | Found a shadowy altar of Dithmenos.
  1179 | D:2      | Became a worshipper of Qazlal Stormbringer
  1642 | D:3      | Reached XP level 4. HP: 34/34 MP: 4/4
  1689 | D:3      | Noticed Inarius's ghost (amateur DsGl)
  1690 | D:3      | Found a transporter.
  1695 | D:3      | Found a transporter.
  1695 | D:3      | Noticed an ogre
  1731 | D:3      | Found a glowing drain.
  1761 | Sewer    | Entered a sewer
  1771 | Sewer    | Reached skill level 6 in Polearms
  2068 | Sewer    | Reached XP level 5. HP: 38/41 MP: 5/5
  2159 | Sewer    | Reached * piety under Qazlal
  2848 | D:3      | Reached skill level 5 in Dodging
  3577 | D:3      | Noticed an ogre
  3587 | D:3      | Killed an ogre
  3587 | D:3      | Reached skill level 7 in Polearms
  3587 | D:3      | Reached skill level 1 in Invocations
  3587 | D:3      | Reached XP level 6. HP: 47/47 MP: 6/6
  4252 | D:4      | Found a basalt altar of Yredelemnul.
  4337 | D:4      | Reached XP level 7. HP: 49/53 MP: 8/8
  4483 | D:5      | Entered Level 5 of the Dungeon
  4550 | D:5      | Reached ** piety under Qazlal
  4592 | D:5      | HP: 1/53 [sky beast (5)]
  5133 | D:5      | Reached skill level 8 in Polearms
  5532 | D:5      | Reached XP level 8. HP: 41/61 MP: 10/10
  5651 | D:5      | Found a staircase to the Ecumenical Temple.
  5865 | D:5      | Found a blossoming altar of Fedhas.
  6249 | D:5      | Found an iron altar of Okawaru.
  6550 | D:6      | Reached skill level 9 in Polearms
  6816 | D:6      | Found a hazy altar of Hepliaklqana.
  6874 | D:6      | Reached skill level 5 in Fighting
  7069 | D:6      | Gained mutation: Armour fits poorly on your strangely shaped body. [potion of mutation]
  7069 | D:6      | Gained mutation: You are covered in fur. (AC +1) [potion of mutation]
  7069 | D:6      | Gained mutation: Your mind is acute. (Int +2) [potion of mutation]
  7463 | D:7      | Reached skill level 10 in Polearms
  7684 | D:7      | Noticed a hippogriff
  7689 | D:7      | Reached skill level 5 in Throwing
  7689 | D:7      | Reached XP level 9. HP: 27/68 MP: 12/12
  8148 | D:7      | Found Piwkiceaxt's Armour Boutique.
  8212 | D:7      | Found a bloodstained altar of Trog.
  8251 | D:7      | Found Qaegod's General Store.
  8287 | D:7      | HP: 3/69 [hog (12)]
  8326 | D:7      | Reached skill level 11 in Polearms
  8351 | D:7      | HP: 1/69 [hog (8)]
  8742 | D:7      | Reached skill level 5 in Invocations
 10059 | D:8      | Reached skill level 12 in Polearms
 10059 | D:8      | Reached XP level 10. HP: 77/77 MP: 14/14
 10240 | D:8      | HP: 1/77 [something (7)]
 10242 | D:8      | Slain by an unseen horror

Skill      XL: |  1  2  3  4  5  6  7  8  9 10 |
---------------+-------------------------------+-----
Polearms       | 5 6 7 8 10 12 | 12.2
Fighting       | 3 4 5 6 |  6.6
Throwing       | 3 4 5 6 |  6.0
Dodging        | 5 6 7 8 |  8.5
Invocations    | 1 2 4 5 |  5.6

Action                   |  1- 3 |  4- 6 |  7- 9 | 10-12 || total
-------------------------+-------+-------+-------+-------++-------
Melee: Trident           |   121 |   266 |   200 |       ||   587
       Tailslap          |       |    10 |       |       ||    10
       Halberd           |       |       |   151 |    10 ||   161
 Fire: Blowgun           |       |     3 |       |       ||     3
Throw: Throwing net      |       |     6 |     2 |       ||     8
       Javelin           |       |       |    15 |     3 ||    18
Invok: Upheaval          |       |       |     1 |       ||     1
  Use: Scroll            |       |     8 |     3 |       ||    11
       Potion            |       |       |     7 |     2 ||     9
 Stab: Sleeping          |     2 |       |       |       ||     2
       Held in net/web   |       |     1 |     1 |       ||     2
  Eat: Chunk             |     1 |     9 |    14 |       ||    24
       Ration            |       |       |     1 |     1 ||     2
Armor: Leather armour    |    19 |    30 |    42 |     2 ||    93
Dodge: Dodged            |    65 |   161 |   242 |    10 ||   478
Block: Other             |       |     7 |    34 |       ||    41
